Map: Gresvan LE

Players

Momello

  • Race: Terran Terran
  • League: Bronze
  • Spawn Location: 11:00

GRTFRED - Winner!

  • Race: Protoss Protoss
  • League: Silver
  • Spawn Location: 5:00

VOD

Have the link to the VOD?

Description

Time

  • Played on: April 11, 2023, 2:54 p.m.
  • Length: 31:35
Show
View Real Time Build Order
Export as new Build Order

Momello Terran 

Build Orders:  

Get SALT Encoding   

  12  0:00  SCV  
  13  0:12  SCV  
  14  0:17  Supply Depot  
  14  0:40  SCV  
  15  0:45  Barracks  
  15  0:52  SCV  
  15  0:53  Refinery  
  16  1:04  SCV  
  17  1:18  SCV  
  18  1:32  Marine  
  19  1:50  Marine  
  19  1:52  Supply Depot  
  20  2:03  Orbital Command  
  20  2:08  Marine  
  21  2:26  Marine  
  22  2:40  Bunker  
  22  2:43  Command Center  
  22  2:52  Barracks Reactor  
  22  3:02  Factory  
  22  3:08  SCV  
  23  3:20  SCV  
  23  3:22  Supply Depot  
  24  3:29  Marine x2  
  26  3:35  SCV  
  27  3:47  Supply Depot, SCV  
  28  3:50  Marine x2  
  28  3:52  Factory Tech Lab  
  30  3:58  Barracks  
  30  4:01  Refinery  
  30  4:03  SCV  
  31  4:10  Orbital Command  
  31  4:15  SCV, Siege Tank  
  35  4:28  SCV  
  36  4:33  Marine  
  36  4:34  Marine  
  38  4:39  SCV  
  39  4:49  Supply Depot  
  39  4:51  SCV  
  40  5:02  Siege Tank  
  43  5:07  Barracks Tech Lab  
  43  5:10  Starport  
  43  5:12  Supply Depot  
  43  5:14  Marine x2  
  45  5:25  SCV x2  
  47  5:32  Stimpack, Marine  
  48  5:37  SCV x2  
  48  5:42  Marine x2  
  52  5:45  Siege Tank  
  52  5:49  SCV x2  
  57  5:51  Marauder  
  59  6:08  Starport Reactor  
  59  6:15  Command Center  
  59  6:20  Supply Depot  
  59  6:26  SCV x2  
  61  6:33  Marine x3  
  61  6:38  SCV x2  
  66  6:43  Supply Depot  
  66  6:51  Marine x2  
  68  6:58  SCV x2  
  68  7:00  Marine  
  71  7:04  Medivac  
  71  7:05  Medivac  
  75  7:10  SCV  
  75  7:11  SCV, Combat Shield  
  77  7:18  Marauder  
  79  7:23  Barracks  
  79  7:25  Barracks  
  79  7:26  Barracks  
  79  7:30  SCV  
  79  7:31  SCV  
  81  7:43  SCV x2  
  83  7:45  Refinery  
  83  7:49  Marauder  
  83  7:50  Refinery, Marine x2  
  87  7:53  Medivac x2  
  87  7:55  SCV x2  
  93  8:08  Engineering Bay, Marine x2  
  93  8:11  Marauder  
  93  8:12  Engineering Bay  
  97  8:29  Barracks Reactor x3  
  97  8:55  SCV x2  
  99  8:58  Marauder  
  99  8:59  Marine x2  
  99  9:02  Medivac x2  
  107  9:05  Terran Infantry Weapons Level 1  
  107  9:07  SCV x2  
  109  9:31  Orbital Command  
  109  9:59  Supply Depot  
  109  10:07  Supply Depot  
  109  10:09  Supply Depot  
  109  10:10  Supply Depot  
  109  10:13  Supply Depot  
  109  10:21  Marauder, Marine x2  
  113  10:55  Command Center  
  106  11:25  SCV  
  106  11:26  SCV x2  
  106  11:29  Marauder  
  106  11:30  Marine x3  
  106  11:31  Marine x5  
  119  11:36  Hellion  
  119  11:38  SCV x3, Medivac x2  
  120  11:48  Marine  
  120  11:51  Marauder  
  121  12:08  Viking x2  
  123  12:10  Missile Turret  
  123  12:15  Missile Turret  
  125  12:17  Missile Turret  
  125  12:18  Missile Turret  
  125  12:21  Missile Turret  
  125  12:22  Missile Turret  
  121  12:32  Missile Turret  
  121  12:36  Missile Turret  
  121  12:40  SCV x2  
  121  12:41  SCV, Missile Turret  
  121  12:44  Marauder, Marine x5  
  126  12:45  Marine x3  
  126  12:47  Viking  
  126  12:48  Viking  
  138  12:52  SCV  
  139  13:02  Marine  
  139  13:03  Refinery  
  139  13:05  Marauder  
  142  13:07  Refinery  
  114  14:17  Armory  
  108  14:49  Marine x9  
  117  14:53  Medivac  
  117  14:54  Medivac  
  121  15:07  Marine x8  
  121  15:11  Thor  
  135  15:23  Viking x2  
  139  15:35  SCV x2  
  139  15:36  SCV  
  139  15:40  Command Center  
  142  15:47  SCV  
  142  15:48  SCV x2  
  145  16:10  Refinery  
  145  16:28  SCV x3  
  148  16:34  Marine  
  149  16:51  SCV, Thor, Marine x8  
  164  16:58  Supply Depot  
  164  17:00  Supply Depot  
  164  17:08  Command Center  
  164  17:19  SCV x4, Medivac x2  
  172  17:25  Supply Depot  
  172  17:26  Supply Depot  
  172  17:28  Barracks  
  172  17:31  Barracks  
  172  17:32  Barracks  
  172  17:34  Thor  
  178  17:44  Barracks  
  178  17:55  Barracks  
  178  17:56  Barracks  
  178  17:58  Barracks  
  178  18:02  Barracks  
  178  18:04  Factory  
  178  18:06  Starport  
  178  18:13  Marine  
  178  18:14  Marine x6  
  178  18:15  Marine x2  
  178  18:17  Thor  
  193  18:24  Planetary Fortress  
  193  18:33  Barracks  
  115  18:59  Marine x3  
  115  19:00  Marine x6  
  82  19:12  Missile Turret  
  82  19:14  Missile Turret  
  82  19:17  Missile Turret, Marine x7  
  82  19:19  Thor  
  89  19:52  SCV x4  
  93  19:58  Marine x8  
  101  20:02  Thor  
  101  20:04  SCV x2  
  109  20:10  Missile Turret  
  109  20:11  Missile Turret  
  109  20:12  Missile Turret x2  
  109  20:22  Barracks  
  109  20:29  Barracks  
  109  20:35  Barracks  
  109  20:37  Barracks  
  109  20:45  Factory  
  115  20:55  Barracks  
  115  20:59  Barracks  
  115  21:01  Barracks  
  115  21:10  Marine x9  
  124  21:11  Barracks  
  124  21:13  Barracks  
  124  21:15  Barracks  
  124  21:23  Thor  
  124  21:27  Marine, Medivac x2  
  124  21:28  Marine  
  124  21:29  Terran Infantry Weapons Level 2  
  124  21:30  Terran Infantry Armor Level 1  
  124  21:32  Terran Vehicle Weapons Level 1  
  130  21:38  Barracks Reactor  
  130  21:47  Barracks Reactor  
  130  21:48  Barracks Reactor  
  130  21:56  Factory Tech Lab  
  130  22:06  Thor  
  136  22:13  Barracks Reactor  
  136  22:19  Marine x8  
  136  22:20  Marine x4  
  136  22:22  Thor  
  154  22:25  Medivac x2  
  154  22:28  Command Center  
  158  22:32  Supply Depot  
  158  22:40  Supply Depot  
  158  22:45  Barracks Reactor  
  158  22:46  Barracks Reactor  
  158  22:48  Marine  
  158  22:49  Thor, Marine x8  
  173  22:55  Supply Depot, Medivac x2  
  177  23:04  Supply Depot  
  177  23:05  SCV x2, Thor  
  185  23:06  SCV x2  
  187  23:23  SCV x4  
  187  23:25  Medivac  
  193  23:28  Supply Depot  
  193  23:35  Barracks Reactor, SCV x2  
  195  23:52  Terran Infantry Weapons Level 3, Terran Infantry Armor Level 2  
  195  23:54  Terran Vehicle Weapons Level 2  
  195  23:55  Barracks  
  164  24:43  Barracks  
  128  25:14  Marine x4  
  128  25:15  Marine x7  
  128  25:17  Thor x2  
  142  25:31  Barracks  
  136  25:35  Viking  
  136  25:36  Viking  
  137  26:00  Thor  
  143  26:20  Barracks  
  143  27:03  SCV x2  
  145  27:15  SCV x2  
  147  27:23  Command Center  
Show
View Real Time Build Order
Export as new Build Order

GRTFRED Protoss - Winner!

Build Orders:  

Get SALT Encoding   

  12  0:16  Pylon  
  12  0:17  Probe (Chrono Boost)  
  14  0:29  Probe (Chrono Boost)  
  14  0:35  Probe (Chrono Boost)  
  14  0:37  Gateway  
  15  0:47  Pylon  
  15  0:59  Forge  
  15  1:09  Assimilator  
  15  1:10  Probe (Chrono Boost)  
  16  1:21  Probe (Chrono Boost)  
  17  1:25  Probe (Chrono Boost)  
  18  1:34  Cybernetics Core  
  18  1:36  Probe  
  19  1:49  Probe  
  20  1:54  Assimilator  
  20  2:01  Probe  
  21  2:09  Pylon  
  21  2:13  Probe (Chrono Boost)  
  23  2:23  Probe (Chrono Boost)  
  23  2:32  Warp Gate (Chrono Boost)  
  23  2:34  Nexus  
  23  2:42  Gateway  
  23  2:52  Pylon  
  23  2:59  Gateway  
  23  3:06  Pylon  
  23  3:15  Assimilator  
  23  3:17  Assimilator  
  23  3:23  Probe (Chrono Boost)  
  25  3:34  Probe (Chrono Boost)  
  25  3:39  Probe (Chrono Boost)  
  26  3:50  Probe  
  26  3:54  Pylon  
  27  3:57  Pylon  
  27  4:02  Probe  
  28  4:14  Probe x2  
  30  4:26  Probe  
  31  4:31  Stargate  
  31  4:33  Stargate  
  31  4:38  Probe, Stargate  
  32  4:43  Stargate  
  32  4:49  Pylon  
  32  4:50  Probe  
  32  4:52  Pylon  
  33  5:02  Probe (Chrono Boost)  
  35  5:14  Probe (Chrono Boost)  
  35  5:18  Pylon  
  35  5:21  Pylon  
  35  5:23  Probe (Chrono Boost)  
  35  5:24  Pylon  
  35  5:28  Probe, Pylon  
  37  5:40  Nexus  
  37  5:41  Probe  
  37  5:42  Assimilator  
  38  5:47  Assimilator  
  38  5:51  Pylon  
  38  5:53  Probe  
  38  5:54  Pylon  
  39  5:57  Pylon  
  39  6:01  Pylon  
  39  6:05  Probe  
  40  6:14  Robotics Facility  
  40  6:17  Probe  
  40  6:18  Fleet Beacon  
  41  6:21  Twilight Council  
  41  6:23  Pylon  
  41  6:24  Pylon  
  41  6:29  Probe (Chrono Boost)  
  42  6:39  Probe (Chrono Boost)  
  43  6:44  Probe (Chrono Boost)  
  52  6:52  Probe (Chrono Boost), Void Ray  
  52  6:53  Void Ray  
  55  7:01  Probe (Chrono Boost)  
  55  7:02  Probe (Chrono Boost)  
  55  7:07  Probe (Chrono Boost)  
  55  7:13  Flux Vanes  
  55  7:15  Observer, Void Ray  
  61  7:19  Probe  
  62  7:31  Probe  
  62  7:32  Robotics Bay  
  62  7:36  Observer  
  64  7:43  Probe  
  65  7:50  Void Ray  
  69  7:55  Probe (Chrono Boost)  
  69  7:58  Observer  
  72  8:06  Probe (Chrono Boost)  
  72  8:11  Probe (Chrono Boost)  
  77  8:13  Void Ray  
  77  8:19  Observer  
  78  8:21  Probe  
  78  8:23  Nexus  
  79  8:31  Gravitic Boosters  
  79  8:33  Probe, Anion Pulse-Crystals  
  80  8:35  Charge  
  80  8:40  Observer  
  81  8:43  Assimilator  
  81  8:47  Assimilator  
  81  8:50  Pylon  
  81  8:53  Pylon  
  81  8:57  Pylon  
  81  9:00  Pylon  
  81  9:02  Observer  
  82  9:11  Nexus  
  82  9:14  Assimilator  
  82  9:17  Assimilator  
  82  9:23  Observer  
  83  9:30  Probe (Chrono Boost)  
  84  9:36  Pylon  
  84  9:39  Pylon  
  84  9:40  Probe (Chrono Boost)  
  84  9:42  Pylon  
  84  9:44  Probe (Chrono Boost)  
  84  9:45  Observer  
  86  9:46  Pylon  
  86  9:50  Pylon  
  87  9:56  Pylon  
  87  9:58  Probe (Chrono Boost)  
  88  10:02  Probe (Chrono Boost)  
  88  10:06  Observer  
  90  10:12  Probe (Chrono Boost)  
  90  10:13  Probe (Chrono Boost)  
  108  10:14  Void Ray x4  
  108  10:15  Blink  
  108  10:16  Protoss Shields Level 1  
  108  10:17  Probe (Chrono Boost)  
  109  10:22  Cybernetics Core  
  109  10:27  Observer  
  110  10:29  Probe, Protoss Air Weapons Level 1  
  110  10:31  Forge  
  111  10:39  Pylon  
  111  10:41  Probe, Pylon  
  112  10:49  Observer  
  129  11:02  Void Ray x2  
  129  11:03  Void Ray x2  
  129  11:07  Stargate  
  128  11:32  Probe (Chrono Boost)  
  121  11:42  Probe (Chrono Boost)  
  121  11:43  Probe (Chrono Boost)  
  121  11:45  Void Ray x3  
  121  11:46  Void Ray  
  131  11:51  Probe x2 (Chrono Boost)  
  133  11:56  Probe (Chrono Boost)  
  133  11:58  Probe  
  135  12:07  Probe  
  136  12:10  Probe  
  137  12:19  Probe  
  138  12:51  Void Ray x4  
  154  13:00  Probe (Chrono Boost)  
  156  13:06  Probe (Chrono Boost)  
  156  13:10  Protoss Air Armor Level 1  
  156  13:11  Probe (Chrono Boost)  
  156  13:12  Protoss Air Weapons Level 2  
  157  13:14  Probe (Chrono Boost)  
  157  13:17  Probe (Chrono Boost)  
  157  13:19  Probe (Chrono Boost)  
  160  13:27  Probe  
  160  13:30  Probe  
  154  13:39  Probe  
  139  13:42  Probe  
  132  13:51  Probe  
  133  14:31  Unknown  
  125  14:48  Void Ray x4  
  125  14:50  Stargate  
  125  14:52  Stargate  
  113  14:54  Stargate  
  113  14:57  Stargate  
  113  14:59  Stargate  
  113  15:02  Stargate  
  113  15:04  Stargate  
  113  15:06  Stargate  
  113  15:10  Observer  
  114  15:23  Probe (Chrono Boost)  
  132  15:30  Probe (Chrono Boost)  
  132  15:31  Observer, Void Ray x4  
  132  15:33  Probe (Chrono Boost)  
  134  15:38  Probe (Chrono Boost), Protoss Air Armor Level 2  
  134  15:40  Probe (Chrono Boost)  
  136  15:43  Probe (Chrono Boost)  
  136  15:48  Nexus  
  136  15:49  Probe  
  138  15:53  Assimilator  
  138  15:54  Probe  
  138  15:55  Nexus  
  139  15:57  Assimilator  
  139  16:00  Pylon  
  139  16:01  Probe  
  139  16:03  Pylon  
  140  16:06  Probe  
  140  16:07  Pylon  
  140  16:11  Pylon  
  141  16:15  Pylon  
  141  16:23  Assimilator  
  173  16:33  Void Ray  
  173  16:34  Void Ray x5  
  173  16:35  Void Ray x2  
  173  16:37  Probe (Chrono Boost)  
  176  16:47  Probe x2 (Chrono Boost)  
  178  16:54  Probe (Chrono Boost)  
  178  16:55  Probe (Chrono Boost)  
  178  17:01  Probe (Chrono Boost)  
  178  17:05  Probe (Chrono Boost)  
  178  17:08  Probe (Chrono Boost)  
  182  17:10  Probe (Chrono Boost)  
  182  17:15  Probe x2 (Chrono Boost)  
  186  17:17  Probe (Chrono Boost)  
  186  17:18  Probe (Chrono Boost)  
  186  17:21  Probe (Chrono Boost)  
  189  17:23  Probe (Chrono Boost)  
  189  17:24  Probe (Chrono Boost)  
  189  17:25  Probe x2 (Chrono Boost)  
  189  17:27  Probe (Chrono Boost)  
  189  17:28  Probe (Chrono Boost)  
  193  17:31  Probe  
  193  17:34  Probe  
  195  17:39  Probe  
  195  17:43  Probe  
  197  17:46  Probe, Assimilator  
  197  17:51  Observer  
  199  17:59  Probe  
  192  19:57  Protoss Shields Level 2  
  192  20:00  Protoss Ground Weapons Level 1  
  192  20:06  Forge  
  192  20:07  Forge  
  192  20:11  Templar Archives  
  192  20:13  Dark Shrine  
  192  20:15  Protoss Air Weapons Level 3  
  192  20:16  Protoss Air Armor Level 3  
  199  20:36  Void Ray x2  
  199  20:37  Observer  
  200  21:49  Protoss Ground Armor Level 1  
  200  21:55  Psionic Storm  
  200  21:57  Shadow Stride  
  200  22:39  Gravitic Drive  
  200  22:40  Nexus  
  200  22:42  Resonating Glaives  
  200  22:52  Protoss Ground Weapons Level 2  
  200  22:56  Protoss Shields Level 3  
  200  23:11  Assimilator  
  200  23:16  Assimilator  
  200  23:18  Pylon  
  200  23:21  Pylon  
  200  23:25  Pylon  
  200  23:36  Nexus, Extended Thermal Lance  
  200  23:41  Assimilator  
  200  23:43  Assimilator  
  200  23:49  Pylon  
  200  24:11  Pylon  
  200  24:13  Nexus  
  200  24:17  Assimilator  
  200  24:18  Assimilator  
  200  24:24  Pylon  
  200  24:28  Pylon  
  160  26:24  Void Ray  
  160  26:25  Void Ray x6  
  200  26:26  Void Ray x3  
  200  26:32  Pylon  
  200  26:34  Pylon  
  200  26:37  Nexus  
  200  26:41  Assimilator  
  200  26:42  Assimilator  
  200  26:48  Pylon  
  200  26:52  Pylon  
  200  26:53  Photon Cannon  
  200  26:55  Photon Cannon  
  200  26:57  Photon Cannon  
  200  26:58  Photon Cannon  
  200  29:50  Void Ray x2  
  188  30:37  Void Ray x6  
  188  30:38  Void Ray x6  
  137  31:01  Nexus  
Tags
 
Add a new tag
Caveats
  • Supply blocks, unpowered buildings, or Contaminate may cause inaccurate times.
  • Supply counts are checked every 10 seconds.